 Dungeon Crawl Stone Soup version bcrawl-1.12-11-gb93c957c58 (webtiles) character file.

Game seed: 4474517832602861388

157302 MisterOstroum the Impaler (level 16, -2/235 HPs)
             Began as a Demonspawn Chaos Knight on June 26, 2019.
             Was a Plaything of Xom.
             Slain by a hornet zombie (8 damage)
             ... on level 3 of the Spider Nest on June 28, 2019.
             The game lasted 02:18:52 (40631 turns).

MisterOstroum the Impaler (DsCK)                   Turns: 40631, Time: 02:18:54

Health: -2/235     AC: 33    Str: 29 (30) XL:     16   Next: 84%
Magic:  22/22      EV:  2    Int: 17      God:    Xom [*.....]
Gold:   947        SH:  0    Dex: 20      Spells: 15/15 levels left

rFire    . . .     SeeInvis .   c - +6 glaive of Dangil {chaos, +Fly rElec Stlth+}
rCold    . . .     Gourm    .   (shield currently unavailable)
rNeg     + + +     Faith    .   (armour currently unavailable)
rPois    +         Spirit   .   (helmet unavailable)
rElec    +         Reflect  .   (cloak currently unavailable)
rCorr    .         Harm     .   (gloves unavailable)
MR       ++++.     Clarity  +   (boots currently unavailable) Stlth +++++.....NoTele +
                                W - amulet of the acrobat
HPRegen  0.49/turn              l - +5 ring of strength
MPRegen  0.18/turn              j - +5 ring of protection

@: mighty, agile, tree-form, hasted and slowed
A: agile 1, clarity, clever 1, magic resistance 3, nightstalker 1, robust 1,
strong 1, wild magic 2, evolution 2, MP-powered wands
}: 1/15 runes: decaying
a: Renounce Religion


You were on level 3 of the Spider Nest.
You worshipped Xom.
You were a special plaything of Xom.
You were not hungry.
You were a tree.
You visited 6 branches of the dungeon, and saw 25 of its levels.
You visited 1 bazaar.
You also visited: Gauntlet.

You collected 2778 gold pieces.
You spent 1831 gold pieces at shops.

Inventory:

Hand Weapons
 c - the +6 glaive of Dangil (weapon) {chaos, +Fly rElec Stlth+}
   (Xom gifted it to you on level 7 of the Dungeon)

   Each time it hits an enemy it has a different, random effect.
   It insulates you from electricity.
   It lets you fly.
   It makes you more stealthy.
 Y - the +5 hunting sling of Valiance {speed, Str+6 Int-5 Dex+5}
   (You found it on level 11 of the Dungeon)

   Attacks with this weapon are significantly faster.
   It affects your strength (+6).
   It affects your intelligence (-5).
   It affects your dexterity (+5).
Missiles
 d - 4345 stones
 u - 239 tomahawks (quivered)
 S - 144 steel javelins
 U - a throwing net {!f!f}
Armour
 q - a +2 pair of boots (melded)
 N - the +5 chain mail "Jetuo" (melded) {rF+ Slay+3}
   (You bought it in a shop in the Orcish Mines)

   It affects your accuracy and damage with ranged weapons and melee attacks
   (+3).
   It protects you from fire.
 P - a +0 plate armour
 X - the +0 cloak "Nifu" (melded) {MR+ Slay+3 Stlth-}
   (You found it on level 4 of the Lair of Beasts)

   It affects your accuracy and damage with ranged weapons and melee attacks
   (+3).
   It affects your resistance to hostile enchantments.
   It makes you less stealthy.
Jewellery
 j - a +5 ring of protection (right branch)
 l - a +5 ring of strength (left branch)
 p - a +3 amulet of reflection
 z - an uncursed ring of protection from cold
 W - an amulet of the acrobat (around neck)
Wands
 f - a wand of paralysis (8)
 A - a wand of iceblast (7)
 G - a wand of random effects (11)
 L - a wand of digging (7)
 Q - a wand of flame (46)
 R - a wand of scattershot (5)
 Z - a wand of polymorph (40)
Scrolls
 m - 6 scrolls of fear {!r}
 o - a scroll of vulnerability
 r - 3 scrolls of magic mapping {@r5 !r}
 s - 11 scrolls of remove curse {@r2}
 v - a scroll of enchant armour
 w - 7 scrolls of immolation
 y - a scroll of silence
 I - 3 scrolls of amnesia
 J - a scroll of teleportation {@r3 !r}
 K - 3 scrolls of fog
 O - a scroll of blinking {@r4}
Potions
 a - a potion of invisibility
 i - a potion of magic
 n - a potion of might {@q3 !q}
 t - 2 potions of cancellation
 x - 4 potions of flight
 B - a potion of ambrosia
 D - a potion of lignification {@q6}
 F - 2 potions of resistance
 H - 2 potions of brilliance
 M - 5 potions of mutation
 V - 2 potions of agility {@q5 !q}
Miscellaneous
 b - 2 boxes of beasts
 E - 2 sacks of spiders
 T - a phial of floods
Comestibles
 e - 25 rations {!d}


   Skills:
 + Level 17.7 Fighting
 * Level 18.1 Polearms
 - Level 3.1 Throwing
 - Level 10.0 Armour
 - Level 0.8 Dodging
 + Level 8.7 Evocations


You had 15 spell levels left.
You didn't know any spells.
Your spell library contained the following spells:

 Spells                   Type           Power        Failure   Level  Hunger
 Beastly Appendage        Tmut           #.....       41%         1    ##.....
 Flame Tongue             Conj/Fire      #....        41%         1    ##.....
 Infusion                 Chrm           #.......     41%         1    ##.....
 Magic Dart               Conj           #...         41%         1    ##.....
 Slow                     Hex            #.......     41%         1    ##.....
 Blink                    Tloc           N/A          52%         2    ###....
 Call Imp                 Summ           #.......     52%         2    ###....
 Poisonous Vapours        Pois/Air       #.....       52%         2    ###....
 Song of Slaying          Chrm           #.......     52%         2    ###....
 Sticks to Snakes         Tmut           #.......     52%         2    ###....
 Conjure Flame            Conj/Fire      #.......     73%         3    ####...
 Inner Flame              Hex/Fire       N/A          73%         3    ####...
 Mephitic Cloud           Conj/Pois/Air  #.......     73%         3    ####...
 Ozocubu's Armour         Chrm/Ice       #.......     73%         3    ####...
 Regeneration             Chrm/Necr      #.........   73%         3    ####...
 Spectral Weapon          Hex/Chrm       #.......     73%         3    ####...
 Spider Form              Tmut/Pois      #.........   73%         3    ####...
 Ice Form                 Ice/Tmut       #.......     98%         4    #####..
 Sticky Flame             Conj/Fire      #.......     98%         4    #####..
 Blade Hands              Tmut           #.........   100%        5    ######.
 Fireball                 Conj/Fire      #.........   100%        5    ######.
 Freezing Cloud           Conj/Ice/Air   #.........   100%        6    #######
 Ring of Flames           Chrm/Fire      #.........   100%        7    #######


Dungeon Overview and Level Annotations

Branches:
Dungeon (12/12)            Temple (1/1) D:4            Lair (5/6) D:7
  Swamp (3/3) Lair:4       Spider (3/3) Lair:2        Slime (0/5) Lair:5
    Orc (1/1) D:9             Elf (0/3) Orc          Vaults (0/3) D:11
 Depths (0/5) D:12

Altars:
Ashenzari
Dithmenos
Elyvilon
Hepliaklqana
Lugonu
Makhleb
Nemelex Xobeh
Okawaru
Qazlal
Ru
Trog
Vehumet
Wu Jian
Xom
Yredelemnul
The Shining One
Beogh
Jiyva

Shops:
D:4 [!(   D:7 (   D:10 }   D:12 [   Orc [**!

Annotations:
D:5 1 runed door
Swamp:3 Roxanne
Spider:3 exclusion: 5 doors


Innate Abilities, Weirdness & Mutations

((You have a pair of large antennae on your head. (SInv)))
((You have claws for hands.))
((You have hoof-like feet.))
((Your flesh is almost immune to the effects of heat. (rF+++)))
You are slightly more attuned to the shadows.
((You have a beak for a mouth.))
You are agile. (Dex +2)
You possess an exceptional clarity of mind.
Your mind is acute. (Int +2)
You are extremely resistant to the effects of hostile enchantments. (MR+++)
You are robust. (+10% HP)
Your muscles are strong. (Str +2)
Your spells are harder to cast, but more powerful.
You rapidly evolve.
You expend magic power (3 MP) to strengthen your wands.


Message History

The death scarab bites you. The death scarab drains your vigour!
You already are as slow as you could be.
The death scarab bites you. The death scarab drains your vigour!
You already are as slow as you could be.
The redback zombie bites you.
The hornet zombie hits you but does no damage.
Okay, then.
You slash the death scarab! You burn the death scarab.
The death scarab is heavily damaged.
The death scarab bites you!
* * * LOW HITPOINT WARNING * * *
The death scarab drains your vigour!
You feel as though you will be slow longer.
The redback zombie bites you but does no damage.
The death scarab bites you!!
* * * LOW HITPOINT WARNING * * *
The death scarab bites you.
* * * LOW HITPOINT WARNING * * *
The hornet zombie completely misses you.
The death scarab bites you!
* * * LOW HITPOINT WARNING * * *
The death scarab bites you but does no damage.
You carve the death scarab like a ham!!!
You burn the death scarab.
You destroy the death scarab!
The death scarab bites you!
* * * LOW HITPOINT WARNING * * *
The death scarab drains your vigour!
You feel as though you will be slow longer.
The death scarab bites you.
* * * LOW HITPOINT WARNING * * *
The death scarab bites you!
* * * LOW HITPOINT WARNING * * *
Xom is amused.
The death scarab bites you but does no damage.
The death scarab bites you.
* * * LOW HITPOINT WARNING * * *
Xom is amused.
The redback zombie bites you but does no damage.
The hornet zombie hits you but does no damage.
The death scarab bites you but does no damage. x2
The redback zombie bites you but does no damage.
Okay, then.
Press: ? - help, v - describe, . - travel
Here: a death scarab (moderately damaged)
The floor.
Really quaff
g - a potion of heal wounds {@q2 !q}?
You feel much better. The death scarab bites you!
* * * LOW HITPOINT WARNING * * *
The death scarab drains your vigour!
You feel as though you will be slow longer.
The death scarab bites you but does no damage. x3
The hornet zombie hits you but does no damage.
The redback zombie bites you but does no damage.
The hornet zombie hits you but does no damage.
Okay, then.
Really read
m - 7 scrolls of fear {!r}?
As you read the scroll of fear {!r}, it crumbles to dust.
You assume a fearsome visage.
The death scarab is unaffected. x3
The spectral wolf spider is unaffected.
The wolf spider zombie is unaffected.
The hornet zombie is unaffected.
The redback zombie is unaffected.
The wolf spider zombie is unaffected.
The death scarab is unaffected.
The redback zombie is unaffected. x2; The death scarab is unaffected.
The death scarab bites you but does no damage.
The death scarab waves its antennae.
The death scarab bites you but does no damage. x2
The death scarab bites you.
* * * LOW HITPOINT WARNING * * *
The redback zombie barely misses you.
The redback zombie bites you but does no damage.
The hornet zombie hits you but does no damage.
The redback zombie bites you but does no damage.
You slice the hornet zombie like a ripe choko!!!
The hornet zombie seems to slow down.
The hornet zombie is almost destroyed.
The death scarab bites you but does no damage. x3
The redback zombie bites you but does no damage.
The death scarab bites you but does no damage.
The redback zombie bites you but does no damage.
The hornet zombie hits you.
* * * LOW HITPOINT WARNING * * *
You slash the death scarab!
You catch a glimpse of the back of your own head.
The death scarab is heavily damaged.
The death scarab barely misses you.
The death scarab bites you but does no damage.
The redback zombie completely misses you.
The death scarab bites you but does no damage.
The redback zombie bites you but does no damage.
You slice the death scarab!!
The death scarab is almost destroyed.
The death scarab bites you.
* * * LOW HITPOINT WARNING * * *
The death scarab drains your vigour!
You feel as though you will be slow longer.
The death scarab barely misses you.
The redback zombie bites you but does no damage. x2
The hornet zombie hits you!
You die...
Xom howls with laughter!

#.≈≈..#...#{*******,#...#≈...
#.≈≈.##...#,,,,,,,,,#...#≈.#.
#.≈≈≈.#...#{,......,##..#....
#..≈≈≈#..##{,......,#...#^...
#..≈≈≈#...#,,......,#...#....
#.#≈≈≈#..^#,,Z.....,#...#..#.
#...≈≈#...#,,ZZ....,#..##...≈
#...≈##...###Zs'''###...#..≈≈
#...≈≈#....s♣ZZ..^......#..≈#
#..≈≈.#.#..s.Zs.........#..≈≈
#.≈≈≈.#....s.#........#.#...≈
#.≈≈#.###################....
#.≈≈.....................#...
##≈≈)..........^.........≈≈..
#≈≈^......≈#........#...≈≈≈≈#
#≈≈.#.......≈≈≈≈≈#.....^≈≈≈≈.
#≈≈....#...≈≈≈≈≈≈≈≈...#..≈≈≈.


You could see a spectral wolf spider, 5 death scarabs, a hornet zombie, 2 wolf
spider zombies and 3 redback zombies.

Vanquished Creatures
  Kirke (D:11)
  3 thorn hunters (Swamp:2)
  A ghost moth (shapeshifter) (Spider:3)
  2 ghost moths
  5 emperor scorpions (Spider:3)
  Louise (Swamp:2)
  2 entropy weavers
  2 spark wasps (Spider:3)
  A dire elephant (Swamp:1)
  The ghost of Theblade12 the Cleaver, a journeyman DsAc of Cheibriados (Orc)
  Josephine (D:9)
  A yaktaur captain (D:12)
  7 hydras
  Harold (Lair:2)
  3 ice dragons (Swamp:3)
  A centaur warrior (D:12)
  A ghost crab (Swamp:1)
  2 shambling mangroves (Swamp:3)
  A death knight (D:9)
  4 two-headed ogres
  A queen ant (shapeshifter) (D:9)
  A queen ant (Lair:3)
  9 alligators
  A tengu warrior (D:12)
  2 death scarabs (Spider:3)
  5 skeletal warriors
  A death drake (Swamp:2)
  An unseen horror (D:12)
  An orange crystal statue (Gauntlet)
  A phantasmal warrior (D:9)
  A swamp dragon (Swamp:2)
  19 wolf spiders
  2 cyclopes
  3 deep elf magi
  2 necromancers
  2 spectral wolf spiders (Spider:3)
  3 orc knights (Orc)
  An oklob plant (Gauntlet)
  A wolf spider zombie (Spider:3)
  3 ugly things
  2 moths of wrath
  6 orb spiders
  A manticore (D:11)
  Joseph (D:8)
  A salamander (shapeshifter) (D:10)
  2 black mambas (Lair:2)
  10 centaur skeletons
  17 cane toads
  7 komodo dragons
  5 freezing wraiths
  2 spectral redbacks (Spider:3)
  3 rime drakes
  6 demonic crawlers
  A yaktaur (D:12)
  A tengu conjurer (D:11)
  6 trolls
  17 jumping spiders
  A spectral jumping spider (Spider:3)
  10 tyrant leeches
  4 blink frogs
  A polar bear (Lair:4)
  17 hornets
  2 dream sheep (D:11)
  11 slime creatures
  6 bog bodies
  3 spectral tarantellas (Spider:3)
  A jumping spider zombie (Spider:3)
  7 hippogriffs
  57 redbacks
  4 flying skulls (D:9)
  4 wraiths
  17 yaks
  5 shadows
  3 spriggans
  27 tarantellas
  6 hogs (D:11)
  2 fire bats (Lair:4)
  A basilisk (Lair:5)
  22 vampire mosquitoes
  Grum (D:9)
  2 hungry ghosts
  12 swamp worms
  5 insubstantial wisps (Swamp:1)
  4 swamp worm simulacra (Swamp:3)
  6 wargs (Orc)
  18 soldier ants
  4 water moccasins
  3 acid dragons
  16 hydra simulacra (Swamp:3)
  2 black bears
  5 porcupines
  4 sky beasts
  2 hornet zombies (Spider:3)
  35 orc warriors
  4 swamp drakes
  2 ice beasts
  3 ogres
  2 phantoms
  7 wolves
  A boggart (shapeshifter) (D:4)
  11 centaurs
  4 crocodiles
  6 big kobolds
  7 bullfrogs
  A gnoll sergeant (D:7)
  A wyvern zombie (D:9)
  9 scorpions
  12 killer bees
  3 wights (D:9)
  4 electric eels
  7 howler monkeys
  5 crimson imps
  A bullfrog zombie (D:9)
  4 centaur zombies
  4 jellies
  3 hounds
  10 orc priests
  11 orc wizards
  A gnoll shaman (D:6)
  29 worker ants
  5 hound zombies
  2 hound skeletons (D:9)
  2 worker ant zombies
  2 howler monkey zombies
  2 howler monkey skeletons
  12 adders
  9 gnolls
  4 shadow imps
  A white imp (D:7)
  2 oozes
  4 swamp drake simulacra (Swamp:3)
  An adder skeleton (D:4)
  An adder zombie (D:9)
  4 dart slugs
  5 worms
  3 leopard geckos
  67 orcs
  2 ball pythons
  2 giant cockroaches
  2 gnoll zombies (D:5)
  5 goblins
  6 hobgoblins
  7 jackals
  4 quokkas
  10 bats
  3 frilled lizards
  A jackal skeleton (D:4)
  24 kobolds
  A leopard gecko skeleton (D:4)
  A quokka skeleton (D:4)
  A quokka zombie (D:6)
  9 rats
  A bush (D:11)
876 creatures vanquished.

Vanquished Creatures (collateral kills)
  Snorg (Lair:3)
  A two-headed ogre (D:7)
  A spriggan (Swamp:1)
  A deep elf mage (D:12)
  A centaur zombie (D:12)
  A cane toad (Lair:3)
  A hornet (Swamp:1)
  A hippogriff (D:7)
  Sigmund (D:5)
  2 soldier ants (Lair:3)
  A swamp worm (Swamp:1)
  An orc warrior (D:7)
  A necrophage (D:7)
  Blork the orc (D:5)
  A hound (D:5)
  2 adder skeletons
  8 orcs
  A bat (D:7)
27 creatures vanquished.

Vanquished Creatures (others)
  An orc knight (Orc)
  A redback (Spider:2)
  A warg (Orc)
  2 orc warriors (Orc)
  An ice beast (D:7)
  2 centaurs (D:11)
  3 orcs
  3 briar patches (Swamp:2)
  16 fungi
  10 plants
40 creatures vanquished.

Grand Total: 943 creatures vanquished

Notes
Turn   | Place    | Note
-------+----------+-------------------------------------------
     0 | D:1      | MisterOstroum the Demonspawn Chaos Knight began the quest
                  | for the Orb.
     0 | D:1      | Reached XP level 1. HP: 18/18 MP: 1/1
   158 | D:1      | XOM: divination: detect items
   629 | D:1      | Reached skill level 3 in Polearms
   629 | D:1      | Gained mutation: You have large cloven feet. [demonic
                  | ancestry]
   629 | D:1      | Reached XP level 2. HP: 24/24 MP: 2/2
   904 | D:1      | XOM: harmless Ice miscast
   934 | D:1      | XOM: divination: detect items
   990 | D:1      | XOM: give mutations
   990 | D:1      | Gained mutation: Your mind is acute. (Int +2) [Xom's grace]
   990 | D:1      | Gained mutation: Your muscles are strong. (Str +2) [Xom's
                  | grace]
  1073 | D:2      | Found a glowing golden altar of the Shining One.
  1132 | D:2      | Gained mutation: You have sharp fingernails. [demonic
                  | ancestry]
  1132 | D:2      | Reached XP level 3. HP: 29/29 MP: 3/3
  1568 | D:3      | Reached XP level 4. HP: 18/37 MP: 4/4
  1982 | D:3      | Reached skill level 4 in Polearms
  2113 | D:3      | XOM: 2-stop teleportation journey
  2327 | D:3      | Reached XP level 5. HP: 30/43 MP: 5/5
  2395 | D:3      | XOM: summons 4 hostile shadow creatures
  2462 | D:3      | XOM: give mutations
  2462 | D:3      | Gained mutation: Your flesh is heat resistant. (rF+) [Xom's
                  | mischief]
  2462 | D:3      | Lost mutation: Your muscles are strong. (Str +2) [Xom's
                  | mischief]
  2462 | D:3      | Gained mutation: Your body sometimes deteriorates upon
                  | taking damage. [Xom's mischief]
  2726 | D:3      | Found an ornate altar of the Wu Jian Council.
  2760 | D:3      | XOM: stat loss: -1 Str (12/13)
  3392 | D:4      | Noticed a sky beast
  3493 | D:4      | Reached skill level 5 in Fighting
  3693 | D:4      | Found Veunkeu's Antique Armour Shoppe.
  3765 | D:4      | XOM: confusion
  3768 | D:4      | XOM: mild Ice miscast
  3774 | D:4      | Noticed a swamp drake
  3774 | D:4      | an ooze changed into a swamp drake
  3777 | D:4      | Noticed a naga
  3777 | D:4      | a swamp drake changed into a naga
  3778 | D:4      | Noticed a boggart
  3778 | D:4      | a naga changed into a boggart
  3778 | D:4      | XOM: polymorph naga -> boggart
  3784 | D:4      | Killed a boggart
  3784 | D:4      | Gained mutation: You have very sharp fingernails. [demonic
                  | ancestry]
  3784 | D:4      | Reached XP level 6. HP: 45/51 MP: 6/6
  3818 | D:4      | Found Sufol's Distillery.
  3828 | D:4      | Bought a potion of degeneration for 12 gold pieces
  3828 | D:4      | Bought a potion of curing for 36 gold pieces
  3920 | D:4      | Found Peyjilaj's Weapon Shop.
  3996 | D:4      | Reached skill level 5 in Polearms
  4170 | D:4      | Found a corrupted altar of Lugonu.
  4188 | D:4      | XOM: divination: detect creatures
  4194 | D:4      | XOM: give mutations
  4194 | D:4      | Gained mutation: You are weak. (Str -2) [Xom's mischief]
  4194 | D:4      | Gained mutation: Armour fits poorly on your strangely
                  | shaped body. [Xom's mischief]
  4194 | D:4      | Lost mutation: Your mind is acute. (Int +2) [Xom's
                  | mischief]
  4218 | D:4      | Found a staircase to the Ecumenical Temple.
  4234 | Temple   | Entered the Ecumenical Temple
  4291 | Temple   | XOM: mild Hex miscast
  4455 | D:4      | XOM: blink monster(s)
  4458 | D:4      | Killed a sky beast
  4458 | D:4      | Gained mutation: You have a pair of small antennae on your
                  | head. [demonic ancestry]
  4458 | D:4      | Reached XP level 7. HP: 24/58 MP: 7/7
  4577 | D:4      | XOM: harmless Pois miscast
  4767 | D:5      | Entered Level 5 of the Dungeon
  4767 | D:5      | Noticed Sigmund
  4872 | D:4      | XOM: harmless Conj miscast
  4960 | D:4      | XOM: mild Tmut miscast
  5078 | D:5      | Killed Sigmund
  5107 | D:5      | Noticed Blork the orc
  5115 | D:5      | Killed Blork the orc
  5115 | D:5      | Reached skill level 6 in Polearms
  5302 | D:5      | XOM: 1-stop teleportation journey
  5397 | D:5      | Found a runed door.
  5522 | D:5      | Found an iron altar of Okawaru.
  5663 | D:5      | XOM: give mutations
  5663 | D:5      | Gained mutation: You expend magic power (3 MP) to
                  | strengthen your wands. [Xom's grace]
  5663 | D:5      | Gained mutation: You are resistant to hostile enchantments.
                  | (MR+) [Xom's grace]
  5663 | D:5      | Gained mutation: You are somewhat resistant to further
                  | mutation. [Xom's grace]
  5955 | D:5      | Found a basalt altar of Yredelemnul.
  5980 | D:5      | XOM: medium Air miscast
  6189 | D:5      | XOM: give mutations
  6189 | D:5      | Gained mutation: You have a pair of antennae on your head.
                  | [Xom's grace]
  6189 | D:5      | Gained mutation: You are highly resistant to hostile
                  | enchantments. (MR++) [Xom's grace]
  6189 | D:5      | Lost mutation: You are somewhat resistant to further
                  | mutation. [Xom's grace]
  6189 | D:5      | Gained mutation: You evolve. [Xom's grace]
  6189 | D:5      | Gained mutation: You are extremely resistant to the effects
                  | of hostile enchantments. (MR+++) [Xom's grace]
  6214 | D:5      | XOM: cloud trail
  6270 | D:5      | XOM: scenery: create altars
  6403 | D:5      | Reached XP level 8. HP: 33/67 MP: 8/8
  6437 | D:5      | Gained mutation: You are agile. (Dex +2) [evolution]
  6438 | D:5      | Lost mutation: You have a pair of antennae on your head.
                  | [potion of mutation]
  6438 | D:5      | Lost mutation: Armour fits poorly on your strangely shaped
                  | body. [potion of mutation]
  6438 | D:5      | Lost mutation: Your body sometimes deteriorates upon taking
                  | damage. [potion of mutation]
  6438 | D:5      | Lost mutation: You are agile. (Dex +2) [potion of mutation]
  6438 | D:5      | Lost mutation: Your flesh is heat resistant. (rF+) [potion
                  | of mutation]
  6438 | D:5      | Gained mutation: You are robust. (+10% HP) [potion of
                  | mutation]
  6438 | D:5      | Lost mutation: You are weak. (Str -2) [potion of mutation]
  6438 | D:5      | Gained mutation: Your flesh is cold resistant. (rC+)
                  | [potion of mutation]
  7072 | D:6      | Reached skill level 7 in Polearms
  7089 | D:6      | Noticed a cyan ugly thing
  7192 | D:6      | XOM: fog
  7577 | D:6      | XOM: noise
  7646 | D:6      | XOM: cast spell 'Summon Horrible Things'
  8158 | D:6      | XOM: cloud trail
  8484 | D:7      | Noticed a hippogriff
  8493 | D:7      | Killed a hippogriff
  8538 | D:7      | XOM: scenery: create altars
  8544 | D:7      | XOM: cleaving
  8591 | D:7      | HP: 3/75 [poisoned by a big kobold]
  8599 | D:7      | HP: 3/75 [poisoned by a big kobold]
  8970 | D:7      | XOM: cleaving
  8993 | D:7      | Reached skill level 8 in Polearms
  8993 | D:7      | Gained mutation: You are slightly more attuned to the
                  | shadows. [demonic ancestry]
  8993 | D:7      | Reached XP level 9. HP: 43/82 MP: 9/9
  9146 | D:7      | XOM: god gift: encrusted glaive {god gift}
  9162 | D:7      | Got an encrusted glaive {god gift}
  9163 | D:7      | Identified the +6 glaive of Dangil {chaos, +Fly rElec
                  | Stlth+} (Xom gifted it to you on level 7 of the Dungeon)
  9420 | D:7      | Noticed a two-headed ogre
  9519 | D:7      | XOM: confuse monster(s)
  9524 | D:7      | Killed a two-headed ogre
  9531 | D:7      | Noticed a troll
  9578 | D:7      | Killed a troll
  9631 | D:7      | Found a staircase to the Lair.
  9693 | D:7      | XOM: polymorph bat -> kobold
  9694 | D:7      | XOM: cleaving
  9725 | D:7      | XOM: polymorph crimson imp -> white imp
  9768 | D:7      | XOM: 1-stop teleportation journey
  9934 | D:7      | Reached skill level 9 in Polearms
 10131 | D:7      | XOM: enchant monster (good)
 10212 | D:7      | Found Paladd's Weapon Emporium.
 10287 | D:7      | Found a shadowy altar of Dithmenos.
 10287 | D:7      | Found a burning altar of Makhleb.
 10513 | D:8      | Noticed Joseph
 10521 | D:8      | XOM: confuse monster(s)
 10652 | D:7      | XOM: fake destruction
 10661 | D:7      | Reached skill level 10 in Fighting
 10662 | D:7      | XOM: summons 5 friendly demons
 10709 | D:7      | XOM: divine lightning
 10734 | D:8      | XOM: enchant monster (bad)
 10752 | D:7      | XOM: medium Necr miscast
 10753 | D:7      | XOM: mild Erth miscast
 10802 | D:6      | Gained mutation: You have claws for hands. [demonic
                  | ancestry]
 10802 | D:6      | Reached XP level 10. HP: 14/93 MP: 10/10
 11120 | D:7      | XOM: cast spell 'Chain of Chaos'
 11177 | D:7      | Reached skill level 1 in Evocations
 11322 | D:7      | XOM: enchant monster (bad)
 11607 | D:7      | XOM: smoke on damage
 11640 | D:7      | XOM: chaos cloud
 11651 | D:7      | XOM: polymorph orc warrior -> sky beast
 11992 | D:8      | Found a stormy altar of Qazlal.
 12044 | D:8      | XOM: god gift: wand of iceblast (7)
 12059 | D:8      | XOM: give mutations
 12059 | D:8      | Gained mutation: You have very sharp teeth. [Xom's grace]
 12059 | D:8      | Gained mutation: You have hoof-like feet. [Xom's grace]
 12130 | D:8      | Found a white marble altar of Elyvilon.
 12207 | D:8      | Lost mutation: You are robust. (+10% HP) [evolution]
 12207 | D:8      | Lost mutation: You evolve. [end of evolution]
 12208 | D:8      | XOM: scenery: create altars
 12256 | D:8      | Killed Joseph
 12407 | D:8      | XOM: enchant monster (good)
 12516 | D:8      | Found a sacrificial altar of Ru.
 12587 | D:8      | Noticed a deep elf mage
 12595 | D:8      | XOM: divination: detect creatures
 12600 | D:8      | Killed a deep elf mage
 12600 | D:8      | Reached skill level 10 in Polearms
 12619 | D:8      | XOM: scenery: create altars
 12814 | D:7      | XOM: give mutations
 12814 | D:7      | Gained mutation: You evolve. [Xom's grace]
 12814 | D:7      | Gained mutation: You passively map a small area around you.
                  | [Xom's grace]
 12899 | D:7      | XOM: scenery: create altars
 13122 | D:9      | Got an ebony hunting sling
 13135 | D:9      | Noticed a skeletal warrior
 13135 | D:9      | Noticed a skeletal warrior
 13139 | D:9      | XOM: confuse monster(s)
 13153 | D:9      | Killed a skeletal warrior
 13160 | D:9      | Killed a skeletal warrior
 13175 | D:9      | XOM: divination: detect items
 13179 | D:9      | Identified the cursed +1 hunting sling of Articulation
                  | {venom, MR- Dex+8 SInv Stlth+} (You found it on level 9 of
                  | the Dungeon)
 13243 | D:9      | XOM: 1-stop teleportation journey
 13256 | D:9      | Noticed a seven-headed hydra
 13313 | D:7      | XOM: god gift: glowing trident {god gift}
 13320 | Lair:1   | Entered Level 1 of the Lair of Beasts
 13356 | Lair:1   | Noticed an eight-headed hydra
 13364 | Lair:1   | Killed a ten-headed hydra
 13364 | Lair:1   | Gained mutation: You have a pair of antennae on your head.
                  | [demonic ancestry]
 13364 | Lair:1   | Reached XP level 11. HP: 30/93 MP: 2/13
 13388 | Lair:1   | Found a gate leading to a gauntlet.
 13398 | Gauntlet | Entered a Gauntlet
 13662 | Gauntlet | Found a transporter.
 13675 | Gauntlet | Noticed a fire crab
 13678 | Gauntlet | Found a transporter.
 13683 | Gauntlet | Found a transporter.
 13692 | Gauntlet | Noticed a wretched star
 13693 | Gauntlet | Found a transporter.
 13714 | Gauntlet | Found a transporter.
 13714 | Gauntlet | Noticed an orange crystal statue
 13730 | Gauntlet | Found a transporter.
 13748 | Gauntlet | Found a transporter.
 13766 | Gauntlet | Noticed an oklob plant
 13767 | Gauntlet | Found a transporter.
 13796 | Gauntlet | Found a transporter.
 13796 | Gauntlet | Found a transporter.
 14008 | Gauntlet | XOM: mild Fire miscast
 14017 | Gauntlet | Killed an oklob plant
 14070 | Gauntlet | Lost mutation: You have hoof-like feet. [potion of
                  | mutation]
 14070 | Gauntlet | Lost mutation: You are extremely resistant to the effects
                  | of hostile enchantments. (MR+++) [potion of mutation]
 14070 | Gauntlet | Lost mutation: You expend magic power (3 MP) to strengthen
                  | your wands. [potion of mutation]
 14070 | Gauntlet | Lost mutation: You are highly resistant to hostile
                  | enchantments. (MR++) [potion of mutation]
 14070 | Gauntlet | Gained mutation: You have hoof-like feet. [potion of
                  | mutation]
 14071 | Gauntlet | Lost mutation: Your flesh is cold resistant. (rC+) [potion
                  | of mutation]
 14071 | Gauntlet | Lost mutation: You are resistant to hostile enchantments.
                  | (MR+) [potion of mutation]
 14071 | Gauntlet | Gained mutation: You have extremely sharp teeth. [potion of
                  | mutation]
 14071 | Gauntlet | Lost mutation: You have hoof-like feet. [potion of
                  | mutation]
 14071 | Gauntlet | Gained mutation: Your flesh is heat resistant. (rF+)
                  | [potion of mutation]
 14072 | Gauntlet | Lost mutation: You have extremely sharp teeth. [potion of
                  | mutation]
 14072 | Gauntlet | Lost mutation: You passively map a small area around you.
                  | [potion of mutation]
 14072 | Gauntlet | Gained mutation: Your system is resistant to poisons.
                  | (rPois) [potion of mutation]
 14072 | Gauntlet | Gained mutation: Your magical capacity is low. (-10% MP)
                  | [potion of mutation]
 14072 | Gauntlet | Gained mutation: You expend magic power (3 MP) to
                  | strengthen your wands. [potion of mutation]
 14096 | Gauntlet | Reached skill level 11 in Polearms
 14148 | Gauntlet | XOM: give mutations
 14148 | Gauntlet | Gained mutation: Your flesh is cold resistant. (rC+) [Xom's
                  | grace]
 14148 | Gauntlet | Gained mutation: Your mind is acute. (Int +2) [Xom's grace]
 14148 | Gauntlet | Gained mutation: You are agile. (Dex +2) [Xom's grace]
 14148 | Gauntlet | Gained mutation: You are resistant to hostile enchantments.
                  | (MR+) [Xom's grace]
 14217 | Gauntlet | XOM: god gift: 168 bolts
 14246 | Gauntlet | Noticed a wizard
 14249 | Gauntlet | XOM: confuse monster(s)
 14297 | Gauntlet | Noticed a tengu warrior
 14297 | Gauntlet | Noticed a catoblepas
 14315 | Gauntlet | XOM: destruction
 14331 | Gauntlet | XOM: enchant monster (good)
 14338 | Gauntlet | XOM: divine lightning
 14343 | Gauntlet | XOM: divine lightning
 14355 | Gauntlet | HP: 1/95 [catoblepas[an orange crystal statue] (5)]
 14356 | Gauntlet | Noticed a queen ant
 14357 | Gauntlet | Killed an orange crystal statue
 14616 | Gauntlet | XOM: god gift: knobbly glowing staff {god gift}
 14663 | Gauntlet | Noticed a minotaur
 14666 | Gauntlet | XOM: scenery: create altars
 14667 | Gauntlet | XOM: fog
 14915 | Lair:1   | XOM: scenery: create altars
 15006 | Lair:1   | XOM: 2-stop teleportation journey
 15194 | Lair:1   | XOM: 1-stop teleportation journey
 15218 | Lair:1   | Reached skill level 5 in Evocations
 15564 | Lair:1   | XOM: silly message
 15669 | Lair:1   | XOM: harmless Conj miscast
 15738 | Lair:1   | XOM: mild Conj miscast
 15911 | Lair:1   | XOM: silly message
 16114 | Lair:2   | Noticed Harold
 16205 | Lair:2   | XOM: potion effect (brilliance)
 16453 | Lair:2   | XOM: harmless Ice miscast
 16465 | Lair:2   | Killed Harold
 16477 | Lair:2   | Reached skill level 12 in Polearms
 16832 | Lair:2   | XOM: potion effect (agility)
 16851 | Lair:2   | XOM: cloud trail
 16872 | Lair:2   | Reached XP level 12. HP: 89/105 MP: 14/14
 17014 | Lair:2   | XOM: give mutations
 17014 | Lair:2   | Gained mutation: Your flesh is very heat resistant. (rF++)
                  | [Xom's grace]
 17014 | Lair:2   | Gained mutation: Your spells are a little harder to cast,
                  | but a little more powerful. [Xom's grace]
 17014 | Lair:2   | Gained mutation: Your flesh is almost immune to the effects
                  | of heat. (rF+++) [Xom's grace]
 17051 | Lair:2   | Found a hole to the Spider Nest.
 17160 | Lair:2   | XOM: summons 3 friendly demons
 18075 | Lair:3   | XOM: smoke on damage
 18173 | Lair:2   | XOM: medium Tloc miscast
 18368 | Lair:3   | Noticed a four-headed hydra
 18371 | Lair:3   | Killed a five-headed hydra
 18371 | Lair:3   | Reached skill level 5 in Armour
 18423 | Lair:3   | XOM: silly message
 18464 | Lair:3   | XOM: divination: detect creatures
 18511 | Lair:3   | XOM: smoke on damage
 18522 | Lair:3   | XOM: give mutations
 18522 | Lair:3   | Gained mutation: Your spells are harder to cast, but more
                  | powerful. [Xom's grace]
 18522 | Lair:3   | Gained mutation: You can translocate small distances at
                  | will. [Xom's grace]
 18522 | Lair:3   | Gained mutation: Your mind is very acute. (Int +4) [Xom's
                  | grace]
 18704 | Lair:3   | XOM: god gift: 50 gold pieces
 18779 | Lair:3   | XOM: destruction
 18782 | Lair:4   | XOM: divination: magic mapping
 19040 | Lair:4   | XOM: noise
 19226 | Lair:3   | Noticed a queen ant
 19235 | Lair:3   | Killed a queen ant
 19239 | Lair:3   | XOM: harmless Chrm miscast
 19338 | Lair:3   | XOM: torment (55/107 hp)
 19614 | Lair:3   | Noticed Snorg
 19617 | Lair:3   | XOM: 1-stop teleportation journey
 19637 | Lair:3   | XOM: summons 12 friendly demons
 19638 | Lair:3   | XOM: potion effect (heal wounds)
 19646 | Lair:3   | Killed Snorg
 20022 | Lair:3   | XOM: silly message
 20057 | Lair:3   | Noticed a five-headed hydra
 20062 | Lair:3   | Killed a six-headed hydra
 20427 | Lair:4   | Got a warped cloak
 20534 | Lair:4   | Found a staircase to the Swamp.
 20606 | Lair:4   | Identified the +0 cloak "Nifu" {MR+ Slay+3 Stlth-} (You
                  | found it on level 4 of the Lair of Beasts)
 21196 | Lair:5   | XOM: blink monster(s)
 21473 | Lair:5   | Found a viscous altar of Jiyva.
 21473 | Lair:5   | Found a staircase to the Slime Pits.
 21481 | Lair:5   | XOM: 1-stop teleportation journey
 21482 | Lair:5   | Noticed a death yak
 21482 | Lair:5   | Noticed a death yak
 21482 | Lair:5   | Noticed a death yak
 21482 | Lair:5   | Noticed a death yak
 21482 | Lair:5   | Noticed a death yak
 21482 | Lair:5   | Noticed a death yak
 21558 | Lair:5   | Reached XP level 13. HP: 99/114 MP: 15/15
 21864 | D:9      | Found a radiant altar of Vehumet.
 21901 | D:9      | XOM: blink monster(s)
 22289 | D:9      | Reached skill level 13 in Polearms
 22312 | D:9      | Noticed Josephine
 22328 | D:9      | Killed Josephine
 22535 | D:9      | XOM: draining
 22543 | D:9      | XOM: confusion
 22548 | D:9      | Reached skill level 15 in Fighting
 22588 | D:9      | Lost mutation: Your flesh is almost immune to the effects
                  | of heat. (rF+++) [evolution]
 22624 | D:9      | XOM: mild Hex miscast
 22670 | D:9      | Noticed a minotaur
 22670 | D:9      | a seven-headed hydra changed into a minotaur
 22670 | D:9      | XOM: polymorph seven-headed hydra -> minotaur
 22694 | D:9      | XOM: harmless Summ miscast
 22698 | D:9      | a minotaur changed into a queen ant
 22863 | D:9      | Noticed Grum
 22866 | D:9      | Killed Grum
 23165 | D:9      | XOM: polymorph orc -> gnoll
 23246 | D:9      | Found a staircase to the Orcish Mines.
 23414 | D:9      | XOM: medium Conj miscast
 23665 | Orc      | Entered the Orcish Mines
 23682 | Orc      | Found a flickering gateway to a bazaar.
 23693 | Bazaar   | Entered a bazaar
 23723 | Bazaar   | Found Imonkiaps's Book Emporium.
 23738 | Bazaar   | Found Zugog's Jewellery Shoppe.
 23738 | Bazaar   | Found Amumyg's Armour Emporium.
 23788 | Bazaar   | Bought the ring of Basemice {rElec rPois rF+ Int+2} for 381
                  | gold pieces
 23788 | Bazaar   | Bought a +5 ring of protection for 495 gold pieces
 23791 | Bazaar   | Bought a +3 amulet of reflection for 141 gold pieces
 23880 | Orc      | XOM: polymorph orc -> dart slug
 23920 | Orc      | XOM: potion effect (brilliance)
 24161 | Orc      | XOM: harmless Conj miscast
 24204 | Orc      | Found a runed translucent door.
 24210 | Orc      | Noticed Theblade12's ghost (journeyman DsAc)
 24237 | Orc      | Found a staircase to the Elven Halls.
 24953 | Orc      | Found Anler's Distillery.
 24953 | Orc      | Found Pymn's Assorted Antiques.
 24968 | Orc      | Bought a tapered iron wand for 100 gold pieces
 24968 | Orc      | Bought an agate ring for 125 gold pieces
 25087 | Orc      | XOM: god gift: 83 stones
 25122 | Orc      | Found a roughly hewn altar of Beogh.
 25140 | Orc      | Found Uhusihoo's General Store.
 25140 | Orc      | Found Raopya's Antique Armour Emporium.
 25154 | Orc      | Bought 2 potions of mutation for 256 gold pieces
 25165 | Orc      | Bought an ichor-stained chain mail for 285 gold pieces
 25175 | Orc      | Identified the +5 chain mail "Jetuo" {rF+ Slay+3} (You
                  | bought it in a shop in the Orcish Mines)
 25419 | Orc      | Killed Theblade12's ghost
 25419 | Orc      | Reached skill level 14 in Polearms
 25511 | D:10     | Entered Level 10 of the Dungeon
 25687 | D:10     | Found Gosakej's Gadget Boutique.
 25735 | D:10     | XOM: confuse monster(s)
 25908 | D:10     | XOM: divination: detect creatures
 25989 | D:10     | Found a hazy altar of Hepliaklqana.
 25994 | D:10     | XOM: divination: detect creatures
 25999 | D:10     | XOM: divination: magic mapping
 26250 | D:11     | Reached XP level 14. HP: 123/123 MP: 15/15
 26258 | D:11     | XOM: potion effect (invisibility)
 26266 | D:11     | Noticed Kirke
 26271 | D:11     | Killed Kirke
 26351 | D:11     | Got an encrusted hunting sling
 26353 | D:11     | XOM: cloud trail
 26507 | D:11     | Identified the +5 hunting sling of Valiance {speed, Str+6
                  | Int-5 Dex+5} (You found it on level 11 of the Dungeon)
 26692 | D:11     | XOM: harmless Air miscast
 26779 | D:11     | Found a gate to the Vaults.
 27022 | D:11     | XOM: potion effect (might)
 27042 | D:11     | XOM: silly message
 27202 | D:11     | XOM: scenery: 1 doors close
 27237 | D:12     | Entered Level 12 of the Dungeon
 27335 | D:12     | XOM: cloud trail
 27441 | D:12     | Found Hifiqus's Antique Armour Boutique.
 27507 | D:12     | Reached skill level 15 in Polearms
 27744 | D:12     | XOM: summons friendly ufetubus
 27858 | D:12     | XOM: enchant monster (good)
 28249 | D:12     | XOM: confuse monster(s)
 28260 | D:12     | Found a staircase to the Depths.
 28354 | D:12     | XOM: stat loss: -1 Dex (14/15)
 28355 | D:12     | XOM: scenery: create altars
 28557 | D:12     | XOM: give mutations
 28557 | D:12     | Gained mutation: Your spells are much harder to cast, but
                  | much more powerful. [Xom's grace]
 28557 | D:12     | Gained mutation: You rapidly evolve. [Xom's grace]
 28902 | Swamp:1  | Entered Level 1 of the Swamp
 29528 | Swamp:1  | XOM: divination: detect creatures
 29577 | Swamp:1  | XOM: give mutations
 29577 | Swamp:1  | Lost mutation: You are agile. (Dex +2) [Xom's mischief]
 29577 | Swamp:1  | Lost mutation: Your flesh is cold resistant. (rC+) [Xom's
                  | mischief]
 29577 | Swamp:1  | Lost mutation: You expend magic power (3 MP) to strengthen
                  | your wands. [Xom's mischief]
 29611 | Swamp:1  | XOM: enchant monster (bad)
 29837 | Swamp:1  | XOM: 4-stop teleportation journey
 29963 | Swamp:1  | XOM: summons 14 friendly demons
 30087 | Swamp:1  | XOM: scenery: create altars
 30207 | Swamp:1  | XOM: god gift: 18 gold pieces
 30552 | Swamp:2  | Noticed a thorn hunter
 30595 | Swamp:1  | XOM: give mutations
 30595 | Swamp:1  | Gained mutation: You expend magic power (3 MP) to
                  | strengthen your wands. [Xom's grace]
 30595 | Swamp:1  | Gained mutation: You are agile. (Dex +2) [Xom's grace]
 30595 | Swamp:1  | Lost mutation: You have very sharp teeth. [Xom's grace]
 30595 | Swamp:1  | Gained mutation: You have a beak for a mouth. [Xom's grace]
 30628 | Swamp:1  | XOM: give mutations
 30628 | Swamp:1  | Gained mutation: You have a pair of large antennae on your
                  | head. (SInv) [Xom's grace]
 30628 | Swamp:1  | Gained mutation: You possess an exceptional clarity of
                  | mind. [Xom's grace]
 30628 | Swamp:1  | Gained mutation: Your flesh is almost immune to the effects
                  | of heat. (rF+++) [Xom's grace]
 30628 | Swamp:1  | Gained mutation: You are robust. (+10% HP) [Xom's grace]
 30722 | Swamp:1  | XOM: god gift: wand of scattershot (5)
 30760 | Swamp:2  | XOM: summons 1 hostile demon
 30793 | Swamp:2  | Gained mutation: You have hoof-like feet. [demonic
                  | ancestry]
 30793 | Swamp:2  | Reached XP level 15. HP: 113/144 MP: 16/16
 30981 | Swamp:2  | XOM: mild Hex miscast
 30988 | Swamp:2  | Killed a thorn hunter
 30988 | Swamp:2  | Reached skill level 10 in Armour
 30989 | Swamp:2  | XOM: medium Conj miscast
 31171 | Swamp:2  | XOM: chaos cloud
 31195 | Swamp:2  | Noticed a thorn hunter
 31200 | Swamp:2  | XOM: polymorph thorn hunter -> thorn hunter
 31200 | Swamp:2  | Noticed a thorn hunter
 31208 | Swamp:2  | XOM: noise
 31212 | Swamp:2  | XOM: swap monsters
 31271 | Swamp:2  | Killed a thorn hunter
 31271 | Swamp:2  | Reached skill level 16 in Polearms
 31350 | Swamp:2  | Noticed Louise
 31363 | Swamp:2  | XOM: divination: detect items
 31393 | Swamp:2  | Killed Louise
 31528 | Swamp:3  | Entered Level 3 of the Swamp
 31538 | Swamp:3  | XOM: divination: magic mapping
 31539 | Swamp:3  | XOM: cast spell 'Summon Small Mammal'
 31569 | Swamp:3  | HP: 7/145 [tyrant leech (6)]
 31634 | Swamp:3  | XOM: divination: magic mapping
 31787 | Swamp:3  | Gained mutation: Your muscles are strong. (Str +2)
                  | [evolution]
 32236 | Swamp:3  | XOM: harmless Necr miscast
 32309 | Swamp:3  | XOM: butterfly on damage
 32382 | Swamp:3  | XOM: potion effect (invisibility)
 32632 | Swamp:2  | XOM: cleaving
 32638 | Swamp:2  | XOM: fog
 32710 | Swamp:2  | XOM: smoke on damage
 32723 | Swamp:2  | Killed a thorn hunter
 33119 | Swamp:2  | XOM: silly message
 33496 | Swamp:3  | Noticed Roxanne
 33672 | Swamp:3  | XOM: confuse monster(s)
 33922 | Swamp:3  | XOM: potion effect (berserk rage)
 34034 | Swamp:3  | XOM: confuse monster(s)
 34078 | Swamp:3  | Got a decaying rune of Zot
 34326 | Spider:1 | Entered Level 1 of the Spider Nest
 34724 | Spider:1 | Gained mutation: You are highly resistant to hostile
                  | enchantments. (MR++) [evolution]
 34907 | Spider:1 | XOM: cast spell 'Summon Small Mammal'
 35053 | Spider:1 | XOM: harmless Summ miscast
 35149 | Spider:1 | XOM: god gift: glowing sapphire potion {god gift}
 35156 | Spider:1 | XOM: god gift: glass ring {god gift}
 35605 | Spider:2 | XOM: cast spell 'Summon Butterflies'
 35606 | Spider:2 | Noticed a ghost moth
 35606 | Spider:2 | XOM: draining
 35816 | Spider:2 | Killed a ghost moth
 35827 | Spider:2 | Reached skill level 17 in Polearms
 35846 | Spider:2 | XOM: confuse monster(s)
 36197 | Spider:2 | Mutation became permanent: Your flesh is very heat
                  | resistant. (rF++) [demonic ancestry]
 36197 | Spider:2 | Gained mutation: Your flesh is almost immune to the effects
                  | of heat. (rF+++) [demonic ancestry]
 36197 | Spider:2 | Reached XP level 16. HP: 150/155 MP: 19/19
 36385 | Spider:2 | XOM: scenery: create altars
 36457 | Spider:2 | XOM: harmless Ice miscast
 36575 | Spider:2 | XOM: 5-stop teleportation journey
 36716 | Spider:2 | XOM: confuse monster(s)
 36738 | Spider:2 | XOM: potion effect (agility)
 37447 | Spider:3 | Entered Level 3 of the Spider Nest
 37669 | Spider:3 | XOM: harmless Ice miscast
 37810 | Spider:3 | XOM: smoke on damage
 37986 | Spider:3 | XOM: give mutation
 37986 | Spider:3 | Lost mutation: You can translocate small distances at will.
                  | [Xom's mischief]
 38059 | Spider:3 | XOM: smoke on damage
 38062 | Spider:3 | Lost mutation: Your mind is very acute. (Int +4)
                  | [evolution]
 38203 | Spider:3 | XOM: harmless Tmut miscast
 38520 | Spider:3 | XOM: enchant monster (good)
 38521 | Spider:3 | XOM: mild Chrm miscast
 38678 | Spider:3 | XOM: mild Erth miscast
 38820 | Spider:3 | XOM: 1-stop teleportation journey
 38965 | Spider:3 | XOM: harmless Tloc miscast
 39211 | Spider:3 | Reached skill level 1 in Throwing
 39237 | Spider:3 | Identified the cursed +3 hand axe "Cutina" {chop, rC+ Str+6
                  | Int+2 Dex-5}
 39241 | Spider:3 | XOM: cast spell 'Summon Small Mammal'
 39244 | Spider:3 | XOM: harmless Erth miscast
 39250 | Spider:3 | XOM: confuse monster(s)
 39275 | Spider:3 | XOM: confuse monster(s)
 39287 | Spider:3 | XOM: harmless Erth miscast
 39390 | Spider:2 | XOM: harmless Chrm miscast
 39594 | Spider:3 | XOM: swap monsters
 39600 | Spider:3 | XOM: give mutations
 39600 | Spider:3 | Lost mutation: Your system is resistant to poisons. (rPois)
                  | [Xom's mischief]
 39600 | Spider:3 | Lost mutation: Your magical capacity is low. (-10% MP)
                  | [Xom's mischief]
 39600 | Spider:3 | Lost mutation: Your spells are much harder to cast, but
                  | much more powerful. [Xom's mischief]
 39820 | Spider:3 | XOM: give mutation
 39820 | Spider:3 | Gained mutation: You are extremely resistant to the effects
                  | of hostile enchantments. (MR+++) [Xom's grace]
 40000 | Spider:3 | XOM: scenery: create altars
 40010 | Spider:3 | Reached skill level 18 in Polearms
 40614 | Spider:3 | XOM: noise
 40615 | Spider:3 | XOM: enchant monster (good)
 40626 | Spider:3 | HP: 7/235 [death scarab (6)]
 40631 | Spider:3 | HP: 6/235 [death scarab (5)]
 40631 | Spider:3 | Slain by a hornet zombie

Skill      XL: |  1  2  3  4  5  6  7  8  9 10 11 12 13 14 15 16 |
---------------+-------------------------------------------------+-----
Polearms       | 3 4 5 6 8 9 10 12 14 15 17 18 | 18.1
Fighting       | 4 5 6 7 8 10 11 13 14 15 16 17 | 17.7
Armour         | 2 4 6 8 9 10 | 10.0
Evocations     | 3 5 7 8 |  8.7
Throwing       | 3 |  3.1
Dodging        | |  0.8

Action                   |  1- 3 |  4- 6 |  7- 9 | 10-12 | 13-15 | 16-18 || total
-------------------------+-------+-------+-------+-------+-------+-------++-------
Melee: Spear             |   124 |   196 |   447 |   208 |       |       ||   975
       Kick              |    16 |    45 |    15 |       |       |       ||    76
       Whip              |       |     8 |       |       |       |       ||     8
       Dagger            |       |       |    80 |    62 |       |       ||   142
       Glaive            |       |       |    29 |   359 |  1016 |   327 ||  1731
       Bite              |       |       |       |    74 |    63 |       ||   137
       Peck              |       |       |       |       |    53 |    54 ||   107
 Fire: Hunting sling     |       |       |       |     2 |       |       ||     2
Throw: Stone             |    82 |    88 |    72 |    57 |   210 |       ||   509
       Throwing net      |       |     1 |     1 |     1 |       |       ||     3
       Tomahawk          |       |       |    14 |    89 |   255 |   149 ||   507
 Abil: Evoke Flight      |       |       |       |     1 |       |     4 ||     5
Evoke: Wand              |       |       |       |    10 |    31 |     5 ||    46
  Use: Potion            |       |     1 |     4 |    12 |     6 |     9 ||    32
       Scroll            |       |     1 |    11 |    17 |    11 |     3 ||    43
 Stab: Paralysed         |     5 |     6 |     2 |     5 |     8 |    10 ||    36
       Petrifying        |       |     2 |     1 |     2 |     5 |     2 ||    12
       Confused          |       |     2 |     2 |     5 |     2 |     3 ||    14
       Petrified         |       |       |     2 |    12 |     3 |     1 ||    18
       Held in net/web   |       |       |       |     1 |       |       ||     1
       Distracted        |       |       |       |     2 |       |       ||     2
       Invisible         |       |       |       |       |     2 |       ||     2
  Eat: Chunk             |     2 |     8 |    18 |    14 |    33 |     4 ||    79
       Ration            |       |     1 |       |     6 |     5 |     3 ||    15
Armor: Leather armour    |    37 |    19 |     7 |       |       |       ||    63
       Chain mail        |       |    21 |   156 |    29 |   400 |   215 ||   821
       Plate armour      |       |       |       |   250 |   129 |       ||   379
       Acid dragon scale |       |       |       |     1 |       |       ||     1
       Skin              |       |       |       |       |       |   104 ||   104
Dodge: Dodged            |    38 |    56 |   157 |   148 |   294 |   164 ||   857
Block: Other             |       |       |       |       |    20 |       ||    20
       Reflection        |       |       |       |       |     2 |       ||     2
